Map: Thunderbird LE

Players

Emilia

  • Race: Protoss Protoss
  • League: Master
  • Spawn Location: 5:00

Mez - Winner!

  • Race: Terran Terran
  • League: Master
  • Spawn Location: 11:00

VOD

Have the link to the VOD?

Description

Time

  • Played on: July 30, 2019, 11:19 p.m.
  • Length: 13:17
Show
View Real Time Build Order
Export as new Build Order

Emilia Protoss 

Build Orders: 1 Gate Expand, Blink Stalkers 

Get SALT Encoding   

  12  0:01  Probe  
  13  0:13  Probe  
  14  0:17  Pylon  
  14  0:25  Probe  
  15  0:33  Probe  
  15  0:40  Gateway  
  15  0:41  Probe  
  16  0:47  Assimilator  
  17  0:52  Probe  
  18  1:04  Probe  
  19  1:16  Probe  
  20  1:27  Cybernetics Core  
  20  1:34  Nexus  
  20  1:46  Pylon  
  20  1:50  Probe  
  20  1:53  Assimilator  
  21  1:57  Adept  
  21  2:02  Probe  
  21  2:08  Warp Gate  
  24  2:14  Probe  
  25  2:26  Probe  
  25  2:28  Sentry  
  28  2:38  Probe  
  29  2:46  Probe  
  29  2:47  Probe  
  31  2:54  Probe  
  31  2:55  Probe  
  31  2:56  Twilight Council  
  32  2:58  Stalker  
  32  3:04  Probe  
  32  3:05  Probe  
  34  3:10  Forge  
  34  3:12  Blink  
  36  3:16  Probe  
  36  3:17  Probe  
  38  3:24  Robotics Facility  
  38  3:28  Probe  
  38  3:29  Probe  
  40  3:39  Pylon  
  40  3:40  Probe  
  41  3:41  Probe  
  41  3:45  Gateway  
  42  3:51  Assimilator  
  42  3:52  Probe  
  42  3:53  Probe  
  44  3:57  Assimilator  
  44  3:58  Pylon  
  44  4:04  Probe  
  44  4:05  Probe  
  44  4:09  Stalker  
  48  4:12  Observer  
  48  4:16  Probe  
  50  4:17  Probe  
  50  4:22  Protoss Ground Weapons Level 1  
  51  4:27  Pylon  
  51  4:28  Probe  
  51  4:30  Probe  
  53  4:39  Stalker  
  53  4:40  Probe  
  53  4:42  Nexus  
  56  4:50  Stalker  
  49  5:05  Stalker  
  52  5:07  Immortal, Probe  
  52  5:11  Probe  
  53  5:15  Probe  
  54  5:23  Probe  
  54  5:25  Probe  
  56  5:28  Charge  
  56  5:33  Stalker x2  
  56  5:35  Probe  
  61  5:37  Probe  
  62  5:43  Dark Shrine  
  62  5:47  Probe  
  63  5:50  Probe  
  64  5:57  Stalker x2  
  64  5:59  Probe  
  64  6:03  Pylon  
  69  6:04  Pylon  
  69  6:07  Gateway  
  69  6:09  Gateway  
  69  6:19  Probe  
  69  6:21  Probe, Pylon  
  71  6:28  Stalker x2  
  71  6:29  Protoss Ground Weapons Level 2  
  71  6:31  Templar Archives  
  75  6:42  Probe  
  75  6:43  Probe x2  
  78  6:47  Gateway  
  78  6:48  Gateway  
  78  6:52  Forge  
  78  6:54  Probe  
  78  6:55  Probe  
  78  6:57  Probe  
  81  7:03  Assimilator  
  81  7:06  Probe, Pylon  
  81  7:07  Probe  
  83  7:09  Psionic Storm, Probe  
  84  7:17  Immortal  
  84  7:19  Probe x2  
  84  7:22  Zealot x2  
  94  7:26  Probe  
  95  7:31  Probe  
  96  7:38  Dark Templar  
  96  7:42  Dark Templar  
  100  7:44  Probe  
  100  7:45  Probe x2  
  100  7:48  Zealot x3  
  100  7:49  Zealot  
  105  7:56  Observer  
  77  8:12  Dark Templar x2  
  71  8:13  Zealot x3  
  75  8:21  Stalker  
  75  8:22  Immortal  
  75  8:29  Probe  
  75  8:30  Probe  
  75  8:33  Protoss Ground Armor Level 1, Probe  
  78  8:43  Gateway  
  78  8:45  High Templar x4  
  78  8:46  Nexus  
  78  8:47  Gateway  
  78  8:48  Pylon  
  86  8:51  Pylon  
  86  8:53  Probe x2  
  88  9:08  Zealot x2  
  91  9:15  Sentry x2  
  95  9:19  Zealot x2  
  91  9:25  Protoss Ground Weapons Level 3  
  91  9:29  Zealot x2  
  91  9:32  Probe x3  
  94  9:45  Zealot x6  
  106  9:54  High Templar x2  
  106  9:57  Assimilator  
  106  9:59  Stargate  
  110  10:02  Probe x4  
  114  10:11  Pylon  
  114  10:12  Stalker x5  
  124  10:14  Probe x2  
  124  10:16  Probe  
  124  10:17  Assimilator  
  124  10:19  Assimilator  
  124  10:21  Dark Templar  
  129  10:24  Pylon  
  129  10:29  Stalker x2  
  133  10:38  Zealot x3  
  133  10:39  Zealot x2  
  133  10:41  Warp Prism  
  143  10:44  Probe x3  
  143  10:48  Pylon  
  146  10:50  Pylon  
  146  10:52  Pylon  
  146  10:53  Zealot x3  
  146  10:56  Pylon  
  152  11:03  Photon Cannon  
  152  11:04  Zealot x2  
  152  11:21  Zealot x6  
  114  11:37  Zealot x2  
  114  11:38  Immortal  
  108  11:50  Zealot x5  
  108  11:51  Zealot  
  108  11:53  Void Ray  
  96  12:03  Fleet Beacon  
  96  12:05  Stargate  
  96  12:08  Dark Templar x2  
  95  12:11  Zealot x3  
  95  12:12  Zealot x3  
  105  12:17  Immortal  
  97  12:31  Photon Cannon  
  97  12:32  Photon Cannon  
  97  12:34  Zealot x6, Photon Cannon  
  97  12:47  High Templar  
  97  12:48  High Templar  
  95  12:52  Archon  
  95  12:54  Zealot x5  
  95  12:55  Zealot  
Show
View Real Time Build Order
Export as new Build Order

Mez Terran - Winner!

Build Orders: Reaper Expand 

Get SALT Encoding   

  12  0:00  SCV  
  13  0:12  SCV  
  14  0:17  Supply Depot  
  14  0:25  SCV  
  15  0:39  SCV  
  15  0:41  Barracks  
  16  0:45  Refinery  
  16  0:51  SCV  
  17  1:03  SCV  
  18  1:15  SCV  
  19  1:28  Reaper, Orbital Command  
  20  1:49  Command Center  
  20  1:54  SCV  
  21  2:02  Barracks Reactor  
  21  2:06  Barracks  
  21  2:13  SCV  
  21  2:15  Barracks  
  22  2:19  Supply Depot  
  22  2:29  SCV  
  23  2:42  Marine x2  
  25  2:45  SCV  
  26  2:55  Barracks Tech Lab  
  26  2:57  SCV  
  27  3:02  Marine x2  
  27  3:03  Marine  
  30  3:09  SCV  
  31  3:14  Concussive Shells  
  31  3:15  Marauder  
  31  3:16  Orbital Command  
  33  3:20  Marine x2  
  33  3:21  SCV, Marine  
  37  3:28  Supply Depot  
  37  3:34  SCV  
  37  3:40  Engineering Bay, Marine, Marauder  
  41  3:41  Marine  
  41  3:43  SCV  
  41  3:45  Marine  
  41  3:46  SCV  
  44  3:59  Stimpack  
  44  4:00  SCV x2  
  46  4:03  Marine x4  
  50  4:15  Supply Depot  
  50  4:18  Refinery, SCV  
  50  4:19  Factory, Refinery  
  50  4:22  Marine x3  
  54  4:31  Supply Depot  
  54  4:36  SCV x2  
  56  4:40  Terran Infantry Weapons Level 1  
  56  4:43  Marine x3  
  59  4:49  SCV x2  
  55  5:01  SCV x2  
  55  5:12  Marine x4  
  55  5:13  SCV x2  
  55  5:14  Starport, Factory Reactor  
  55  5:25  SCV x2  
  57  5:35  Command Center  
  57  5:36  Barracks Tech Lab  
  57  5:37  SCV x2, Marine x2, Marauder  
  63  5:48  Supply Depot  
  63  5:49  SCV x2  
  65  5:54  Armory  
  65  5:55  Engineering Bay  
  65  6:01  SCV x2  
  65  6:02  Medivac  
  65  6:03  Combat Shield  
  69  6:09  Medivac  
  71  6:13  SCV x2  
  71  6:15  Marine, Marauder x2  
  78  6:22  Supply Depot  
  78  6:23  Marine  
  79  6:25  SCV  
  79  6:26  Terran Infantry Armor Level 1  
  79  6:32  Barracks  
  80  6:33  SCV, Marine, Barracks  
  80  6:37  SCV  
  81  6:43  Medivac  
  81  6:44  Medivac  
  81  6:45  Marine x3  
  88  6:48  Orbital Command  
  88  6:49  SCV  
  89  6:56  Refinery  
  89  6:57  Supply Depot  
  89  7:01  Terran Infantry Weapons Level 2  
  89  7:02  Supply Depot  
  93  7:08  Marine x2, Marauder x2  
  94  7:17  SCV x2  
  94  7:18  SCV  
  97  7:26  Marine  
  97  7:28  Barracks Reactor, Barracks Tech Lab  
  97  7:29  Marine x3  
  101  7:33  SCV x3  
  104  7:37  Barracks x2  
  104  7:38  Barracks  
  104  7:44  Marine  
  104  7:49  Marine x4  
  104  7:50  SCV  
  103  8:02  Marine  
  102  8:09  Marine  
  102  8:10  Marine x5, Medivac  
  102  8:11  Medivac  
  100  8:20  Marine  
  93  8:27  Marine  
  92  8:35  Missile Turret  
  92  8:36  Missile Turret, Barracks Tech Lab x3  
  92  8:39  Bunker  
  92  8:40  Terran Infantry Armor Level 2, Missile Turret, Medivac  
  94  8:45  Marine x2, Marauder  
  94  8:46  Marine x2, Marauder x2  
  104  8:51  Ghost Academy  
  104  8:55  SCV x3  
  107  8:56  Command Center  
  107  8:59  Supply Depot  
  107  9:01  Supply Depot x2  
  107  9:02  Marine  
  107  9:03  Marine x4, Marauder  
  107  9:07  SCV, Marauder x3  
  121  9:14  Refinery  
  121  9:15  Medivac  
  121  9:16  Medivac  
  125  9:21  Marauder  
  121  9:28  Marine x3, Marauder  
  121  9:29  Marine, Marauder x2  
  128  9:32  Marauder x2  
  128  9:36  Supply Depot  
  128  9:38  Supply Depot  
  132  9:39  Supply Depot  
  132  9:42  Marine  
  133  9:46  Marine  
  132  9:55  Ghost x4  
  132  9:56  Marine x3  
  132  9:57  Marine  
  144  10:00  Refinery  
  138  10:09  Missile Turret  
  137  10:17  Marine x4  
  137  10:18  Marauder x2  
  148  10:24  Marauder x3  
  148  10:26  SCV x3  
  154  10:38  SCV  
  155  10:48  Planetary Fortress  
  155  10:50  Missile Turret  
  155  10:52  Ghost  
  155  10:53  Ghost x2, Marine  
  155  10:54  Marine x5, Marauder  
  169  11:01  Refinery, Starport  
  169  11:02  Refinery, SCV x3  
  169  11:03  Starport  
  172  11:11  Marine x2  
  172  11:12  Marine  
  172  11:14  SCV x3  
  158  11:46  Marine x7  
  153  11:47  Marauder  
  153  11:49  Medivac x2  
  153  11:51  SCV  
  153  11:52  SCV x3  
  148  11:55  Command Center  
  141  12:02  Liberator x2  
  141  12:03  SCV  
  138  12:17  Marine x10  
  138  12:21  Starport Reactor, Starport Tech Lab  
  137  12:35  Marine x10  
  138  12:53  Marine x7  
Tags
 
Add a new tag
Caveats
  • Supply blocks, unpowered buildings, or Contaminate may cause inaccurate times.
  • Supply counts are checked every 10 seconds.